AoeStats
← Emko

Baltic

510810978Analyzed
4v4 RM · 1d ago on Oct 2, 2026· 72m 35s· 8 players
Game mode
Random Map
Map size
Large (8 player)
Population
200
Speed
Normal
Resources
Standard
Victory
Conquest
Starting age
Dark Age
Ending age
Imperial Age
RankedLock teamsTeams togetherTeam positionsShared explorationLock speedFull tech treeHidden civsTurbo modeCheats
Victory
Defeat
🇹🇷 Bohemians · Türkiye
791
+15
🇩🇪 Turks · Germany
790
+15
🇸🇰 Vietnamese · Slovakia
790
+15
🇸🇰 Burgundians · Slovakia
785
+16
🇫🇮 Danes · Finland
835
-17
🇫🇮 Saxons · Finland
806
-17
🇫🇮 Britons · Finland
750
-14
🇨🇱 Britons · Chile
712
-13
Emko
10:54 Feudal Age
9:09 Loom
11:46 Horse Collar
11:52 Double-Bit Axe
19:37 Castle Age
23:36 Wheelbarrow
25:29 Husbandry
24:50 Cavalier
27:21 Bow Saw
27:14 Heavy Plow
29:22 Crop Rotation
30:09 Two-Man Saw
30:35 Gold Mining
30:36 Stone Mining
32:52 Forging
33:03 Scale Barding Armor
35:20 Chain Barding Armor
35:37 Iron Casting
40:24 Caravan
40:10 Elite Skirmisher
40:10 Crossbowman
41:29 Fletching
41:39 Padded Archer Armor
42:07 Bodkin Arrow
42:36 Hand Cart
43:02 Ballistics
42:37 Murder Holes
46:05 Imperial Age
43:57 Fortified Wall
43:57 Masonry
43:28 Treadmill Crane
44:32 Squires
43:52 Pikeman
43:53 Man-at-Arms
45:19 Arson
47:32 Conscription
47:48 Hoardings
47:24 Burgundian Vineyards
46:40 Elite Coustillier
47:00 Imperial Skirmisher
49:38 Chemistry
49:09 Architecture
48:10 Halberdier
52:13 Paladin
57:50 Bracer
58:06 Leather Archer Armor
71:58 Burgundian Vineyards
71:15 Elite Coustillier
TheWeirdStranger
0:45 Loom
12:18 Feudal Age
15:16 Gold Mining
15:15 Double-Bit Axe
16:14 Wheelbarrow
22:18 Castle Age
23:31 Medium Warships
25:07 Careening
25:08 Clinker Construction
26:03 Hand Cart
28:28 Fortified Wall
28:14 Murder Holes
29:20 Bow Saw
34:19 Ballistics
34:09 Masonry
33:42 Horse Collar
35:43 Heavy Plow
39:40 Imperial Age
37:45 Chatras
38:01 Forging
37:56 Scale Barding Armor
37:42 Town Watch
42:02 Chemistry
40:52 Arrowslits
41:02 Heated Shot
41:33 Carvel Hull
41:34 Dry Dock
42:02 Iron Casting
41:28 Scale Mail Armor
41:49 Chain Barding Armor
43:37 Paper Money
42:49 Elite Cannon Galleon
44:50 Two-Man Saw
44:04 Squires
43:52 Arson
44:52 Bloodlines
44:47 Husbandry
45:42 Elite Fire Lancer
48:52 Hoardings
49:00 Chain Mail Armor
49:03 Caravan
49:35 Coinage
49:58 Guilds
50:28 Banking
53:30 Elite Battle Elephant
Fatih
13:16 Feudal Age
15:23 Wheelbarrow
18:10 Castle Age
15:59 Double-Bit Axe
16:50 Horse Collar
19:15 Bow Saw
19:07 Heavy Plow
27:10 Fervor
28:07 Hand Cart
30:27 Imperial Age
29:28 Chemistry
28:57 Hand Cart
28:28 Loom
28:28 Town Watch
29:07 Ballistics
30:45 Forging
30:35 Scale Mail Armor
30:26 Fletching
30:37 Padded Archer Armor
31:29 Siege Engineers
31:34 Masonry
32:33 Two-Man Saw
32:31 Guilds
33:34 Architecture
33:46 Iron Casting
33:26 Chain Mail Armor
33:07 Bodkin Arrow
33:35 Leather Archer Armor
35:17 Conscription
35:04 Wagenburg Tactics
34:21 Elite Hussite Wagon
36:58 Blast Furnace
36:28 Plate Mail Armor
36:51 Pikeman
37:32 Squires
37:19 Arson
37:42 Bracer
38:12 Ring Archer Armor
37:48 Scale Barding Armor
38:15 Halberdier
39:19 Houfnice
39:21 Onager
44:07 Town Patrol
44:20 Caravan
53:01 Elite Skirmisher
54:29 Imperial Skirmisher
60:10 Hussite Reforms
64:02 Atonement
64:12 Redemption
64:23 Sanctity
64:04 Devotion
64:29 Illumination
64:20 Block Printing
64:01 Herbal Medicine
64:41 Theocracy
64:26 Heresy
69:46 Faith
The Walking Noob
11:57 Feudal Age
18:44 Double-Bit Axe
19:36 Horse Collar
23:36 Castle Age
27:29 Padded Archer Armor
27:20 Fletching
37:15 Imperial Age
35:37 Leather Archer Armor
35:17 Bodkin Arrow
38:54 Wheelbarrow
38:55 Ring Archer Armor
38:25 Bracer
37:50 Elite Janissary
40:14 Conscription
42:47 Artillery
Eemi8
12:36 Feudal Age
13:05 Double-Bit Axe
13:28 Horse Collar
13:47 Arson
16:56 Scale Mail Armor
19:56 Castle Age
18:28 Stone Mining
21:09 Gold Mining
21:36 Bow Saw
29:04 Imperial Age
26:50 Forging
26:33 Fletching
30:48 Wheelbarrow
31:41 Conscription
32:31 Heavy Plow
32:27 Elite Jomsviking
34:04 Hamask
38:42 Iron Casting
38:23 Chain Mail Armor
42:47 Loom
43:21 Hand Cart
44:07 Ballistics
43:47 Murder Holes
46:42 Squires
47:19 Plate Mail Armor
51:27 Elite Skirmisher
52:14 Thumb Ring
54:41 Padded Archer Armor
55:43 Blast Furnace
57:56 Chemistry
62:34 Town Watch
65:54 Onager
68:26 Siege Onager
69:24 Siege Engineers
69:53 Northmen's Fury
Pyllynall3
11:34 Feudal Age
12:12 Double-Bit Axe
14:02 Loom
16:48 Castle Age
16:32 Fishing Lines
18:03 Gillnets
18:44 Bow Saw
22:52 Horse Collar
26:26 Stone Mining
27:12 Gold Mining
28:36 Heavy Plow
36:23 Imperial Age
35:07 Wheelbarrow
35:06 Squires
34:51 Gambesons
36:40 Gold Shaft Mining
36:41 Hand Cart
36:18 Arson
38:08 Crop Rotation
38:41 Two-Man Saw
37:09 Elite Varangian Guard
37:10 Pikeman
38:12 Fletching
38:22 Padded Archer Armor
38:23 Scale Mail Armor
38:33 Forging
37:47 Halberdier
38:39 Thumb Ring
38:51 Caravan
41:46 Leather Archer Armor
41:47 Chain Mail Armor
42:08 Iron Casting
41:29 Bodkin Arrow
42:04 Conscription
41:05 Shield Wall
41:37 Crossbowman
42:17 Town Watch
42:31 Heated Shot
42:35 Guard Tower
43:40 Ring Archer Armor
42:42 Arbalester
44:40 Plate Mail Armor
44:22 Town Patrol
45:03 Keep
44:11 Treadmill Crane
45:01 Ballistics
46:05 Bracer
46:03 Arrowslits
48:21 Murder Holes
48:55 Masonry
53:51 Scale Barding Armor
54:59 Bloodlines
54:09 Light Cavalry
54:51 Husbandry
55:17 Chain Barding Armor
57:01 Hussar
57:47 Elite Skirmisher
65:06 Onager
Javi Radical692
11:04 Feudal Age
12:10 Horse Collar
14:37 Man-at-Arms
16:18 Double-Bit Axe
24:20 Wheelbarrow
27:32 Castle Age
26:15 Gold Mining
26:36 Fishing Lines
26:54 Stone Mining
28:42 Bow Saw
28:35 Heavy Plow
31:55 Gold Shaft Mining
33:48 Pikeman
34:18 Town Watch
36:05 Treadmill Crane
36:21 Murder Holes
39:40 Caravan
40:41 Ballistics
43:17 Imperial Age
41:41 Yeomen
42:32 Hand Cart
42:39 Squires
42:26 Arson
43:33 Padded Archer Armor
43:24 Fletching
43:36 Scale Mail Armor
43:46 Forging
43:52 Halberdier
47:36 Chemistry
46:42 Siege Engineers
47:15 Bodkin Arrow
47:56 Conscription
47:36 Elite Longbowman
51:31 Two-Man Saw
51:25 Leather Archer Armor
51:11 Bracer
51:28 Chain Mail Armor
51:23 Forging
53:17 Ring Archer Armor
53:04 Forging
55:12 Plate Mail Armor
57:04 Iron Casting
58:55 Masonry
63:25 Onager
Juha Wrekter
2:50 Loom
12:08 Feudal Age
12:45 Double-Bit Axe
13:30 Fishing Lines
13:41 Fishing Lines
20:01 Castle Age
22:29 Stone Mining
24:47 Horse Collar
25:22 Bow Saw
30:00 Fletching
30:33 Squires
34:34 Imperial Age
32:18 Bodkin Arrow
32:25 Padded Archer Armor
33:10 Wheelbarrow
32:33 Gold Mining
34:51 Leather Archer Armor
35:19 Yeomen
35:51 Conscription
36:41 Gold Shaft Mining
36:54 Hand Cart
37:17 Bracer
40:17 Chemistry
38:56 Elite Longbowman
39:31 Arson
39:10 Capped Ram
41:17 Ring Archer Armor
40:45 Pikeman
43:11 Forging
42:28 Halberdier
43:49 Scale Mail Armor
46:15 Chain Mail Armor
48:46 Iron Casting
48:43 Plate Mail Armor
49:05 Warwolf
52:13 Ballistics
Connection lost

Rejoining the realm…

Still unreachable

The connection could not be restored.

Session expired

The server has moved on; the page needs a fresh start.